 Dungeon Crawl Stone Soup version 0.23.2-40-g277498a001 (webtiles) character file.

Game seed: 3851273180680765847

172 Nivan the Shield-Bearer (level 5, -7/47 HPs)
             Began as a Minotaur Fighter on Oct 6, 2019.
             Mangled by an ogre
             ... wielding a +0 giant club
              (23 damage)
             ... on level 3 of the Dungeon.
             The game lasted 00:06:41 (1726 turns).

Nivan the Shield-Bearer (Minotaur Fighter)          Turns: 1726, Time: 00:06:42

Health: -7/47      AC:  7    Str: 21    XL:     5   Next: 27%
Magic:  4/4        EV:  7    Int:  5    God:
Gold:   142        SH:  9    Dex: 10    Spells: 4/4 levels left

rFire    + . .     SeeInvis .   a - +0 trident
rCold    + . .     Gourm    .   c - +0 shield
rNeg     . . .     Faith    .   b - +0 scale mail
rPois    .         Spirit   .   (helmet restricted)
rElec    .         Reflect  .   t - scarf {rC+ rF+}
rCorr    .         Harm     .   (no gloves)
MR       .....                  (no boots)
Stlth    ..........             (no amulet)
HPRegen  0.15/turn              (no ring)
MPRegen  0.09/turn              (no ring)

@: no status effects
A: retaliatory headbutt, horns 2
a: no special abilities


You were on level 3 of the Dungeon.
You were not hungry.

You visited 1 branch of the dungeon, and saw 3 of its levels.

You collected 142 gold pieces.

Inventory:

Hand Weapons
 a - a +0 trident (weapon)
Missiles
 r - 2 throwing nets (quivered)
Armour
 b - a +0 scale mail (worn)
 c - a +0 shield (worn)
 k - a +0 cloak
 t - a scarf of resistance (worn)
Jewellery
 e - an uncursed amulet of guardian spirit {unknown}
 g - an uncursed ring of positive energy {unknown}
 m - a cursed ring of attention {unknown}
Scrolls
 h - 3 scrolls of identify {unknown}
 q - a scroll of amnesia {unknown}
 u - a scroll of enchant armour {unknown}
Potions
 d - a potion of might
 i - a potion of mutation {unknown}
 j - a potion of resistance {unknown}
 l - a potion of ambrosia {unknown}
 o - a potion of lignification {unknown}
 p - a potion of cancellation {unknown}
 s - 4 potions of curing {unknown}
 v - a potion of heal wounds {unknown}
Comestibles
 f - 3 rations
 n - 6 chunks of flesh


   Skills:
 + Level 4.5 Fighting
 + Level 4.1 Polearms
 + Level 4.6 Armour
 + Level 4.9 Shields


You had 4 spell levels left.
You didn't know any spells.
Your spell library was empty.

Dungeon Overview and Level Annotations

Branches:
Dungeon (3/15)

Altars:


Innate Abilities, Weirdness & Mutations

You reflexively headbutt those who attack you in melee.
You have a pair of horns on your head.


Message History

An ogre comes into view. It is wielding a +0 giant club.
The ogre shouts!
You hit the ogre.
The ogre is lightly wounded.
The ogre hits you with a +0 giant club!
You closely miss the ogre.
The ogre is lightly wounded.
The ogre barely misses you.
You barely miss the ogre. Your headbutt misses the ogre.
The ogre is lightly wounded.
The ogre hits you with a +0 giant club!!
You are too injured to fight recklessly!
You are too injured to fight recklessly!
Attack whom?
Press: ? - help, Dir - move target cursor, f - ogre
Aim: an ogre, wielding a +0 giant club (lightly wounded)
You reach to attack!
You hit the ogre.
The ogre is moderately wounded.
The ogre hits you with a +0 giant club!!
You die...

#.....####..............
##########...........#...........
.........+..^...................>
....######.....<...........###.#(
....# #.>...÷......÷.)..# #.##
....# ##...........#÷....# #...
####### #..................# #..#
#.....###..................# #. #
'.[.....'.......@O...).(.### # #
#..[..###.......##.......# +
#.....# #.......##...(÷..## #..#
####### ####....########..# ##..#
#....# ##.# ...# #....# #.## #..#
#....# #..# #..# #....# ##.# #..#
###### #.###..#


You could see an ogre.

Vanquished Creatures
  A hound (D:3)
  7 adders
  2 oozes
  2 worms (D:2)
  2 dart slugs
  5 leopard geckos
  An orc (D:3)
  5 bats
  7 goblins
  8 hobgoblins
  7 kobolds
  A quokka (D:3)
  A ball python (D:1)
  A frilled lizard (D:2)
  7 rats
57 creatures vanquished.

Notes
Turn   | Place    | Note
-------+----------+-------------------------------------------
     0 | D:1      | Nivan the Minotaur Fighter began the quest for the Orb.
     0 | D:1      | Reached XP level 1. HP: 19/19 MP: 0/0
    59 | D:1      | Reached XP level 2. HP: 14/27 MP: 1/1
   713 | D:1      | Reached XP level 3. HP: 33/33 MP: 2/2
  1135 | D:2      | Reached XP level 4. HP: 40/40 MP: 3/3
  1526 | D:3      | Reached XP level 5. HP: 45/47 MP: 4/4
  1718 | D:3      | Noticed an ogre
  1726 | D:3      | Mangled by an ogre

Skill      XL: |  1  2  3  4 |
---------------+-------------+-----
Shields        | 4 |  4.9
Armour         | 4 |  4.6
Fighting       | 4 |  4.5
Polearms       | 3 4 |  4.1

Action                   |  1- 3 |  4- 6 || total
-------------------------+-------+-------++-------
Melee: Trident           |    86 |    75 ||   161
       Headbutt          |     8 |     8 ||    16
  Eat: Chunk             |     1 |     2 ||     3
Armor: Scale mail        |    16 |    31 ||    47
Dodge: Dodged            |    20 |    15 ||    35
Block: Shield            |    28 |    30 ||    58
